 Dungeon Crawl Stone Soup version 0.31-a0-66-ge618eeaa78 (webtiles) character file.

Game seed: 11501912423354973287

809 Dirtsage the Cleaver (level 7, 0/52 HPs)
             Began as a Demonspawn Berserker on May 22, 2023.
             Was a Believer of Trog.
             Slain by ElMinstaer's ghost (15 damage)
             ... on level 5 of the Dungeon.
             The game lasted 00:06:27 (3722 turns).

Dirtsage the Cleaver (Demonspawn Berserker)         Turns: 3722, Time: 00:06:28

Health: 0/52       AC: 15    Str: 25    XL:     7   Next: 61%
Magic:  7/7        EV:  8    Int:  8    God:    Trog [**....]
Gold:   266        SH:  0    Dex: 13    Spells: 6/6 levels left

rFire   . . .        g - +0 war axe
rCold   + . .        (no shield)
rNeg    . . .        r - +1 plate armour {rC+}
rPois   .            (helmet restricted)
rElec   .            (no cloak)
rCorr   .            (no gloves)
SInv    .            (no boots)
Will    ++...        b - amulet of the acrobat Stlth
                     e - +4 ring of protection
HPRegen 1.28/turn    x - +6 ring of strength
MPRegen 0.10/turn

%: acrobat
@: strong-willed, on berserk cooldown, regenerating, slowed, very slow
A: horns 1, sturdy frame 1, demonic magic 2
a: Renounce Religion, Berserk, Trog's Hand


You were on level 5 of the Dungeon.
You worshipped Trog.
Trog was pleased with you.
You visited 1 branch of the dungeon, and saw 5 of its levels.

You collected 266 gold pieces.

Inventory:

Hand Weapons
 g - a +0 war axe (weapon)
Missiles
 y - a throwing net (quivered)
Armour
 r - a +1 plate armour of cold resistance (worn)
Jewellery
 b - an amulet of the acrobat (around neck)
 e - a +4 ring of protection (left hand)
 x - a +6 ring of strength (right hand)
Wands
 j - a wand of roots (5)
Scrolls
 f - 2 scrolls of fog {unknown}
 h - a scroll of blinking {unknown}
 i - 3 scrolls of teleportation {unknown}
 k - a scroll of torment {unknown}
 l - 4 scrolls of identify {unknown}
 n - a scroll of enchant armour {unknown}
 u - a scroll of enchant weapon {unknown}
 v - 2 scrolls of immolation {unknown}
Potions
 a - a potion of resistance {unknown}
 c - 5 potions of heal wounds {unknown}
 d - 2 potions of attraction {unknown}
 m - 3 potions of curing {unknown}
 o - a potion of mutation {unknown}
 p - a potion of cancellation {unknown}
 q - 2 potions of invisibility {unknown}
 s - a potion of berserk rage {unknown}
 t - a potion of brilliance {unknown}
 w - a potion of degeneration {unknown}


   Skills:
 - Level 3.0 Fighting
 + Level 8.3 Axes
 - Level 1.7 Armour
 - Level 1.7 Dodging


You had 6 spell levels left.
You didn't know any spells.
Your spell library contained the following spells:

 Spells                   Type           Power      Damage    Failure   Level
 Apportation              Tloc           0%         N/A       99%         1
 Alistair's Intoxication  Tmut/Pois      0%         N/A       100%        5


Dungeon Overview and Level Annotations

Branches:
Dungeon (5/15)
 Temple: D:4-7

Altars:
Dithmenos
Fedhas
Hepliaklqana
Ru
Trog

Shops:
D:1 !   D:3 (

Annotations:
D:5 ElMinstaer's ghost, novice TrBe; bmj180's ghost, novice MfIE; givingin's ghost, novice HOMo


Innate Abilities, Weirdness & Mutations

You have a pair of small horns on your head.
Your movements are slightly less encumbered by armour. (ER -2)
Spells you cast may paralyse nearby enemies.


Message History

ElMinstaer's ghost is heavily damaged.
You slash givingin's ghost! You hit P0068685's ghost.
You closely miss bmj180's ghost. ElMinstaer's ghost hits you!
P0068685's ghost hits you.
Bmj180's ghost hits you but does no damage.
Givingin's ghost hits you but does no damage.
You take 12 damage, and have 35/78 hp.
You closely miss ElMinstaer's ghost.
ElMinstaer's ghost is heavily damaged.
You slash P0068685's ghost! You barely miss bmj180's ghost.
You hit givingin's ghost but do no damage.
You barely miss ElMinstaer's ghost. You punch ElMinstaer's ghost.
ElMinstaer's ghost is heavily damaged.
You hit givingin's ghost. You slash P0068685's ghost!
You destroy P0068685's ghost!
Trog accepts your kill.
You slash bmj180's ghost! ElMinstaer's ghost hits you!
Bmj180's ghost hits you but does no damage.
Givingin's ghost barely misses you.
Your Axes skill increases to level 8!
You take 11 damage, and have 25/78 hp.
You barely miss ElMinstaer's ghost.
You headbutt ElMinstaer's ghost, but do no damage.
ElMinstaer's ghost is heavily damaged.
You barely miss givingin's ghost. You slash bmj180's ghost!
You are no longer berserk.
You are exhausted.
You feel yourself slow down.
ElMinstaer's ghost hits you but does no damage.
Bmj180's ghost hits you.
* * * LOW HITPOINT WARNING * * *
Givingin's ghost wails, "You must not succeed where I failed!"
Givingin's ghost hits you but does no damage.
You now have 13/52 hp.
You closely miss ElMinstaer's ghost.
ElMinstaer's ghost is heavily damaged.
You slash givingin's ghost!
You hit bmj180's ghost but do no damage.
ElMinstaer's ghost hits you!
You die...

#########.#####.....# ##.
#...............# #.
#...............# #.
#<..............# #.
#...............#### #.
####..................# ##
#.....................#
#......#..............#
#......#.####'@'####..#
#........#?..WWW...#..#
#......###8.......8#..#
#......###$.......$#..#
#........#........?#### ##
#........##8.....8## #.
#)........##:♣⌠♣.#############.
#####......#######...........).
##.....##.###########...)#.


You could see ElMinstaer's ghost, bmj180's ghost and givingin's ghost.

Vanquished Creatures
  The ghost of P0068685 the Shooter, an amateur HuHu (D:5)
  2 ogres (D:4)
  2 phantoms
  2 hounds
  An orc priest (D:4)
  An iguana (D:5)
  Natasha (twice) (D:4)
  An orc wizard (D:4)
  8 gnolls
  3 adders
  A white imp (D:5)
  A worm (D:4)
  2 dart slugs
  11 orcs
  5 bats
  3 endoplasms
  3 giant cockroaches
  5 goblins (D:2)
  4 hobgoblins
  2 jackals (D:3)
  3 kobolds
  A quokka (D:3)
  7 ball pythons
  3 frilled lizards
  8 rats
82 creatures vanquished.

Notes
Turn   | Place    | Note
-------+----------+-------------------------------------------
     0 | D:1      | Dirtsage the Demonspawn Berserker began the quest for the
                  | Orb.
     0 | D:1      | Reached XP level 1. HP: 18/18 MP: 1/1
   166 | D:1      | Reached skill level 3 in Axes
   171 | D:1      | Found Hehineps's Distillery.
   292 | D:1      | Gained mutation: Spells you cast may paralyse adjacent
                  | enemies. [demonic ancestry]
   292 | D:1      | Reached XP level 2. HP: 24/24 MP: 2/2
   718 | D:2      | Gained mutation: Your movements are slightly less
                  | encumbered by armour. (ER -2) [demonic ancestry]
   718 | D:2      | Reached XP level 3. HP: 29/29 MP: 3/3
   732 | D:2      | Reached skill level 4 in Axes
   764 | D:2      | Reached ** piety under Trog
   853 | D:2      | Identified the +5 short sword of Vanity {freeze, rF+}
  1459 | D:3      | Found a sacrificial altar of Ru.
  1596 | D:3      | Found Meirgh's Weapon Boutique.
  1933 | D:3      | Reached XP level 4. HP: 31/35 MP: 4/4
  2215 | D:4      | Reached skill level 5 in Axes
  2267 | D:4      | Found a blossoming altar of Fedhas.
  2281 | D:4      | Gained mutation: You have a pair of small horns on your
                  | head. [demonic ancestry]
  2281 | D:4      | Reached XP level 5. HP: 32/41 MP: 5/5
  2283 | D:4      | Noticed Natasha
  2291 | D:4      | Killed Natasha
  2507 | D:4      | Noticed an ogre
  2516 | D:4      | Killed an ogre
  2517 | D:4      | Reached skill level 6 in Axes
  2517 | D:4      | Reached XP level 6. HP: 11/47 MP: 6/6
  2691 | D:4      | Identified the +8 rapier of Sin {flame, *Noise Dex+4 SInv}
  2913 | D:4      | Found a bloodstained altar of Trog.
  2913 | D:4      | Noticed Natasha
  2917 | D:4      | Killed Natasha
  3027 | D:4      | Reached skill level 7 in Axes
  3046 | D:5      | Entered Level 5 of the Dungeon
  3046 | D:5      | Found a shadowy altar of Dithmenos.
  3073 | D:5      | Gained mutation: Spells you cast may paralyse nearby
                  | enemies. [demonic ancestry]
  3073 | D:5      | Reached XP level 7. HP: 41/52 MP: 7/7
  3165 | D:5      | Found a runed translucent gate.
  3165 | D:5      | Found a runed translucent gate.
  3165 | D:5      | Found a runed translucent gate.
  3268 | D:5      | Reached *** piety under Trog
  3357 | D:5      | Noticed givingin's ghost (novice HOMo)
  3358 | D:5      | Noticed ElMinstaer's ghost (novice TrBe)
  3358 | D:5      | Noticed bmj180's ghost (novice MfIE)
  3358 | D:5      | Noticed P0068685's ghost (amateur HuHu)
  3673 | D:5      | Found a hazy altar of Hepliaklqana.
  3720 | D:5      | Killed P0068685's ghost
  3721 | D:5      | Reached skill level 8 in Axes
  3722 | D:5      | Slain by ElMinstaer's ghost

Illustrated notes

Levels and vault maps discovered:
D:1:      elethiomel_arrival_maze, layout_rooms, serial_shops,
          nicolae_shop_hallway_plus, hangedman_decor_points
D:2:      layout_rooms, serial_aquarium, aquarium_bridge_straight
          [aquarium_subvault_bridge, aquarium_subvault_window,
          aquarium_subvault_bridge, aquarium_subvault_balcony],
          aquarium_bridge_square [aquarium_subvault_bridge,
          aquarium_subvault_bridge, aquarium_subvault_window,
          aquarium_subvault_window], aquarium_window_1,
          aquarium_window_corridor_2, aquarium_window_corner, aquarium_view_2c,
          aquarium_view_2d, aquarium_balcony_double_2, aquarium_pool_1,
          dk_noncrumbling_2
D:3:      layout_basic, nicolae_ru_sacrificial_ziggurat, serial_shops,
          nicolae_shop_tiny_waterfront
D:4:      layout_basic, trog_butcher_becter, general_overflow_altar,
          uniq_natasha
D:5:      layout_basic, worldfamousw_hep_ancestral_shrine,
          grunt_dithmenos_smoke, gammafunk_ghost_cemetery

Skill      XL: |  1  2  3  4  5  6  7 |
---------------+----------------------+-----
Axes           | 3 4 5 6 7 8 |  8.3
Fighting       | |  3.0
Armour         | |  1.7
Dodging        | |  1.7

Action                     |  1- 3 |  4- 6 |  7- 9 || total
---------------------------+-------+-------+-------++-------
  Melee: Hand axe          |    40 |       |       ||    40
         War axe           |    84 |    77 |    47 ||   208
         Punch             |     1 |     1 |     1 ||     3
         Headbutt          |       |    15 |    11 ||    26
 Invoke: Berserk           |       |     2 |     2 ||     4
         Trog's Hand       |       |       |     1 ||     1
 Armour: Ring mail         |    40 |       |       ||    40
         Animal skin       |     5 |       |       ||     5
         Plate armour      |    39 |    43 |    32 ||   114
  Dodge: Dodged            |    87 |    19 |    18 ||   124

Table legend: (Time is in decaauts)
 A = Elapsed time spent in this place.
 B = Non-inter-level travel time spent in this place.
 C = Inter-level travel time spent in this place.
 D = Time resting spent in this place.
 E = Time spent auto-exploring this place.
 F = Levels seen in this place.
 G = Mean time per level.
                   A        B        C        D        E       F      G
               +--------+--------+--------+--------+--------+-----+--------+
         Total |   3790 |   3679 |    111 |    228 |   2882 |   5 |  758.0 |
       Dungeon |   3790 |   3679 |    111 |    228 |   2882 |   5 |  758.0 |
               +--------+--------+--------+--------+--------+-----+--------+

Top non-repeatable levels by time:
     D:4: 888 daAuts
     D:3: 840 daAuts
     D:2: 691 daAuts
     D:1: 685 daAuts
     D:5: 684 daAuts
